[Event "Titled Tuesday Blitz February 21 Early 2023"]
[White "Uzcategui Rodriguez, Alejandro"]
[Black "Bongo Akanga Ndjila, Barthelemy"]
[WhiteFideId "3903400"]
[BlackFideId "10609431"]
[WhiteElo "2255"]
[BlackElo "1824"]
[Result "1-0"]
[Round "06"]
[TimeControl "180+2"]
[Date "2023.02.21"]
[WhiteClock "0:01:33"]
[BlackClock "0:00:09"]

1. e4 e5 2. Nf3 Nc6 3. d4 exd4 4. Bc4 Nf6 5. O-O Bc5 6. e5 d5 7. Bb5 Nd7 8. Bxc6 bxc6 9. Re1 O-O 10. Nxd4 Bb7 11. f4 Nb6 12. Be3 Be7 13. Bf2 g6 14. c3 c5 15. Nf3 Nc4 16. Qc1 c6 17. Nbd2 Nxd2 18. Qxd2 Ba6 19. Rad1 Qa5 20. a3 Rfd8 21. f5 Bf8 22. e6 Re8 23. exf7+ Kxf7 24. Ng5+ Kg8 25. fxg6 hxg6 26. Qc2 Kg7 27. Ne6+ Kh7 28. Nxf8+ Rxf8 29. Re7+ Kh6 30. Be3+ Kh5 31. Re5+ g5 32. Rxg5+ Kh4 33. Qh7# 1-0


[Site "https://www.chess.com"]

[Event "Titled Tuesday Blitz February 21 Early 2023"]
[White "Larina, Maria"]
[Black "Alhadad, Mahmoud"]
[WhiteFideId "24113182"]
[BlackFideId "11501863"]
[WhiteElo "1948"]
[BlackElo "1840"]
[Result "0-1"]
[Round "06"]
[TimeControl "180+2"]
[Date "2023.02.21"]
[WhiteClock "0:00:01"]
[BlackClock "0:00:11"]

1. e4 d5 2. exd5 Nf6 3. d4 Bg4 4. f3 Bf5 5. Bb5+ Nbd7 6. c4 a6 7. Ba4 b5 8. cxb5 axb5 9. Bxb5 Nxd5 10. Bd3 e6 11. Bxf5 exf5 12. Ne2 Qh4+ 13. g3 Bb4+ 14. Bd2 Qh3 15. Kf2 O-O 16. Bxb4 Nxb4 17. a3 Nd5 18. Nbc3 N7b6 19. Qd3 Rfe8 20. Nd1 Re7 21. Ng1 Qh6 22. Nc3 Rae8 23. Rd1 Re3 24. Qd2 Nc4 25. Qc1 Qe6 26. Nxd5 Qxd5 27. Qc2 g5 28. Rd3 g4 29. b3 Nxa3 30. Qc1 Rxd3 31. Qxa3 Qxd4+ 32. Kf1 Rd1+ 33. Kg2 Rd2+ 34. Kf1 Qd3+ 0-1


[Site "https://www.chess.com"]

[Event "Titled Tuesday Blitz February 21 Early 2023"]
[White "kiwibobo"]
[Black "Da Silva Borges, Rodrigo"]
[BlackFideId "2115778"]
[WhiteElo "2140"]
[BlackElo "2199"]
[Result "1-0"]
[Round "06"]
[TimeControl "180+2"]
[Date "2023.02.21"]
[WhiteClock "0:00:12"]
[BlackClock "0:00:03"]

1. e4 c5 2. Nf3 d6 3. d4 cxd4 4. Nxd4 Nf6 5. Nc3 a6 6. Be2 e6 7. Be3 Be7 8. O-O O-O 9. f4 Qc7 10. a4 Nc6 11. Kh1 Re8 12. Bf3 Bd7 13. Nb3 b6 14. Bg1 Rab8 15. Qe2 Bc8 16. Qc4 Bb7 17. Nd4 Rbc8 18. Nb3 Nd7 19. Qe2 Nc5 20. Nxc5 bxc5 21. f5 Nd4 22. Bxd4 cxd4 23. fxe6 fxe6 24. Bg4 Bf6 25. Nd1 Qxc2 26. Qf3 Bxe4 27. Qh3 Kh8 28. Nf2 Bf5 29. Bxf5 Qxf5 30. Qxf5 exf5 31. Nd3 g6 32. h3 a5 33. Rac1 Kg7 34. Nf4 Rc5 35. Rce1 Rxe1 36. Rxe1 Rc4 37. Re6 Be5 38. Nd3 Kf7 39. Rxe5 Rxa4 40. Rb5 Ke6 41. Kh2 g5 42. Kg3 Ra1 43. Kf2 Rd1 44. Ke2 Rg1 45. Kf2 Rd1 46. Ne1 Rd2+ 47. Kf1 h5 48. Nf3 Rd1+ 49. Ke2 Rb1 50. Nxd4+ Kf6 51. Nxf5 a4 52. Nxd6 a3 53. bxa3 Ra1 54. Ra5 Ra2+ 55. Kf1 g4 56. hxg4 hxg4 57. g3 Ke6 58. Ne4 Kf7 59. Ra8 Ke6 60. a4 Ke5 61. Nf2 Kd4 62. a5 Ke3 63. Nxg4+ Kf3 64. Ne5+ Kxg3 65. a6 Kf4 66. a7 Ra1+ 67. Ke2 Ra2+ 68. Kd3 Ra3+ 69. Kc4 Ke4 70. Nd3 Ra4+ 71. Kb5 1-0


[Site "https://www.chess.com"]

[Event "Titled Tuesday Blitz February 21 Early 2023"]
[White "Tsotsonava, Elene"]
[Black "Levine, David"]
[WhiteFideId "13615939"]
[BlackFideId "2011611"]
[WhiteElo "2053"]
[BlackElo "2040"]
[Result "0-1"]
[Round "06"]
[TimeControl "180+2"]
[Date "2023.02.21"]
[WhiteClock "0:00:09"]
[BlackClock "0:00:10"]

1. e4 e5 2. Nf3 Nc6 3. Nc3 Nf6 4. d4 exd4 5. Nxd4 Bb4 6. Nxc6 bxc6 7. Bd3 d5 8. exd5 cxd5 9. O-O O-O 10. Bg5 c6 11. Qf3 Bd6 12. Rae1 Rb8 13. Nd1 Be6 14. b3 Re8 15. Ne3 Be5 16. Nf5 Bc3 17. Re3 h6 18. Bh4 Rb4 19. Qg3 Bxf5 20. Bxf5 Rxe3 21. Qxe3 Rxh4 22. Qxc3 Qd6 23. g3 Rh5 24. Qd3 g6 25. Bxg6 fxg6 26. Qxg6+ Kf8 27. Re1 Re5 28. Qxh6+ Ke7 29. Qg7+ Ke6 30. Rxe5+ Qxe5 31. Qxa7 Qe1+ 32. Kg2 Qe4+ 33. Kg1 Qxc2 34. Qc7 d4 35. Qc8+ Nd7 36. Qe8+ Kd6 37. Qh5 d3 38. Qg6+ Kc7 39. Kg2 Qe2 40. Qf6 d2 41. Qf4+ Kb7 42. Qb4+ Nb6 43. a4 d1=Q 44. a5 Qd5+ 45. Kh3 Qeh5+ 46. Qh4 Qxh4+ 47. gxh4 Qxa5 48. f4 Qf5+ 49. Kg3 Nd5 50. h5 Qxf4+ 51. Kh3 Qf5+ 52. Kh4 Nf6 53. h6 Qh5+ 54. Kg3 Qxh6 55. Kf3 Qg5 56. Ke2 Kb6 57. Kd3 Kc5 58. Kc3 Nd5+ 59. Kb2 Kb4 60. Ka1 Qc1+ 61. Ka2 Nc3# 0-1


[Site "https://www.chess.com"]

[Event "Titled Tuesday Blitz February 21 Early 2023"]
[White "Dong, Khanh Linh"]
[Black "Calcada, Lucas Galvan"]
[WhiteFideId "12403040"]
[BlackFideId "22746099"]
[WhiteElo "1900"]
[BlackElo "1739"]
[Result "1-0"]
[Round "06"]
[TimeControl "180+2"]
[Date "2023.02.21"]
[WhiteClock "0:00:28"]
[BlackClock "0:00:44"]

1. e4 c5 2. Nf3 d6 3. d4 cxd4 4. Nxd4 Nf6 5. Nc3 a6 6. Bg5 e6 7. f4 Qc7 8. Qf3 Nbd7 9. O-O-O Be7 10. g4 h6 11. Bxf6 Bxf6 12. h4 g5 13. hxg5 hxg5 14. Rxh8+ Bxh8 15. Qh1 Bf6 16. Qh5 Ke7 17. Nf5+ Kf8 18. Qh6+ Ke8 19. Nxd6+ Ke7 20. fxg5 Bxc3 21. Qh7 Bxb2+ 22. Kxb2 Ne5 23. g6 Qb6+ 24. Ka1 Bd7 25. Nxf7 1-0


[Site "https://www.chess.com"]

[Event "Titled Tuesday Blitz February 21 Early 2023"]
[White "Jaivardhan Raj"]
[Black "Kornyukov, Alexey"]
[WhiteFideId "25744437"]
[BlackFideId "4150457"]
[WhiteElo "1901"]
[BlackElo "2452"]
[Result "0-1"]
[Round "06"]
[TimeControl "180+2"]
[Date "2023.02.21"]
[WhiteClock "0:00:06"]
[BlackClock "0:00:27"]

1. d4 d5 2. Nf3 Nf6 3. Bf4 c5 4. c3 Nc6 5. e3 Qb6 6. Qb3 c4 7. Qc2 Bf5 8. Qc1 Nh5 9. Bg3 g6 10. Nbd2 Bg7 11. Be2 Nxg3 12. hxg3 h5 13. Bd1 Bd3 14. Bc2 Bxc2 15. Qxc2 O-O 16. e4 dxe4 17. Nxc4 Qa6 18. Nfd2 b5 19. Ne3 Rac8 20. Qxe4 b4 21. Nd5 bxc3 22. bxc3 e6 23. Nf4 e5 24. d5 exf4 25. Qxf4 Rce8+ 26. Kd1 Qe2+ 27. Kc1 Ne5 28. Qg5 Nd3+ 29. Kc2 Rc8 30. c4 Rxc4+ 31. Kb3 Rc3+ 32. Ka4 Nb2+ 33. Ka5 Ra3+ 34. Kb4 Ra4+ 35. Kb3 Qd3# 0-1


[Site "https://www.chess.com"]

[Event "Titled Tuesday Blitz February 21 Early 2023"]
[White "Jesusesmifuerza"]
[Black "Meera, Sai"]
[BlackFideId "5004357"]
[WhiteElo "2002"]
[BlackElo "2064"]
[Result "0-1"]
[Round "06"]
[TimeControl "180+2"]
[Date "2023.02.21"]
[WhiteClock "0:00:02"]
[BlackClock "0:01:21"]

1. d4 Nf6 2. Nc3 d5 3. Bf4 g6 4. e3 Bg7 5. Nb5 Na6 6. h3 O-O 7. Nf3 Ne4 8. c3 c6 9. Na3 Nc7 10. Bd3 Bf5 11. g4 Bd7 12. c4 Ne6 13. Be5 Qa5+ 14. Kf1 f6 15. Bh2 N6g5 16. Nxg5 fxg5 17. Bxe4 dxe4 18. Bg3 Rf3 19. Kg2 Raf8 20. Qc2 h5 21. Qxe4 R3f6 22. Qxe7 R8f7 23. Qe4 h4 24. Rhf1 hxg3 25. Kxg3 Qc7+ 26. Kg2 Re6 27. Qd3 Qd6 28. c5 Qd5+ 29. f3 Rfe7 30. Rfe1 Bxd4 31. exd4 Rxe1 32. Qxg6+ Rg7 33. Qxg7+ Kxg7 34. Rxe1 Be6 35. Rd1 Qxa2 36. Rd2 Bd5 37. Kg3 Qb3 38. Rf2 a5 39. h4 Qe3 40. hxg5 Qxg5 41. Nc2 Bb3 42. Ne1 Qe3 43. Ng2 Qxd4 44. Nf4 Qe5 45. Rd2 Qe1+ 46. Rf2 Qg1+ 47. Ng2 Bd5 48. f4 Bxg2 49. Rxg2 Qe3+ 50. Kh4 Qxf4 51. Re2 Qh6+ 52. Kg3 Qc1 53. Re7+ Kg6 54. Rxb7 Qxc5 55. Ra7 Qb4 0-1


[Site "https://www.chess.com"]

[Event "Titled Tuesday Blitz February 21 Early 2023"]
[White "Gardezi, Arsal"]
[Black "Better_Chess_Faster"]
[WhiteFideId "30949521"]
[WhiteElo "2093"]
[BlackElo "1968"]
[Result "1-0"]
[Round "06"]
[TimeControl "180+2"]
[Date "2023.02.21"]
[WhiteClock "0:01:53"]
[BlackClock "0:00:58"]

1. Nf3 d5 2. g3 Nf6 3. Bg2 Bf5 4. d4 e6 5. c3 c6 6. Bf4 Nbd7 7. Nbd2 Be7 8. O-O h6 9. Re1 O-O 10. h4 Bh7 11. Ne5 Nxe5 12. Bxe5 Nd7 13. Bf4 g5 14. hxg5 hxg5 15. Be3 f5 16. Nf3 f4 17. Bd2 g4 18. Nh2 fxg3 19. fxg3 Bd6 20. e4 Kh8 21. e5 Be7 22. Nxg4 Rg8 23. Nh6 Qe8 24. Nxg8 Qxg8 25. Bf4 Bf5 26. Kf2 Qg6 27. Rh1+ Kg7 28. Qh5 Rg8 29. Qxg6+ Bxg6 30. Bh3 Nf8 31. Kg2 Bf7 32. Raf1 Nh7 33. Bh6+ Kg6 34. Bg4 Ng5 35. Bxg5 Bxg5 36. Bh5+ Kg7 37. Rxf7+ 1-0


[Site "https://www.chess.com"]

[Event "Titled Tuesday Blitz February 21 Early 2023"]
[White "Ardila, Oscar Humberto"]
[Black "Dias, Joao Batista"]
[WhiteFideId "4404742"]
[BlackFideId "2108240"]
[WhiteElo "1982"]
[BlackElo "1796"]
[Result "1-0"]
[Round "06"]
[TimeControl "180+2"]
[Date "2023.02.21"]
[WhiteClock "0:01:05"]
[BlackClock "0:00:17"]

1. d4 d5 2. c4 c6 3. cxd5 cxd5 4. Nc3 e6 5. Nf3 Be7 6. Bf4 a6 7. e3 Nf6 8. Bd3 O-O 9. O-O Nc6 10. Ne5 Nb4 11. Bb1 Nc6 12. Nxc6 bxc6 13. Na4 a5 14. Qc2 Bd7 15. Nc5 Bxc5 16. Qxc5 Ra6 17. Bd3 Rb6 18. b3 Rb5 19. Bxb5 cxb5 20. Qc7 Qa8 21. Be5 Rc8 22. Qd6 Rc6 23. Qe7 Qc8 24. Bxf6 gxf6 25. Qxf6 Rc2 26. h4 b4 27. h5 Bb5 28. h6 Kf8 29. Qh8+ Ke7 30. Qxc8 Rxc8 31. Rfc1 Rg8 32. Rc7+ Kf6 33. Rc5 Bd3 34. Rxa5 Rg6 35. f3 Rxh6 36. Rd1 Bc2 37. Rd2 Bf5 38. Rb5 Rg6 39. Rxb4 h5 40. a4 h4 41. Kh2 Rg8 42. a5 e5 43. dxe5+ Kxe5 44. Rxh4 Bd7 45. b4 Rb8 46. Rh5+ f5 47. Rh4 Bb5 48. Rhd4 Bc4 49. Rb2 Rh8+ 50. Kg1 Rb8 51. Kf2 Rb7 52. b5 1-0


[Site "https://www.chess.com"]

[Event "Titled Tuesday Blitz February 21 Early 2023"]
[White "Schut, Han"]
[Black "Wickramasinghe, Minethma Lasandi"]
[WhiteFideId "1005561"]
[BlackFideId "9966170"]
[WhiteElo "2101"]
[BlackElo "1483"]
[Result "1-0"]
[Round "06"]
[TimeControl "180+2"]
[Date "2023.02.21"]
[WhiteClock "0:02:45"]
[BlackClock "0:02:29"]

1. e4 c5 2. Nf3 Nc6 3. d4 cxd4 4. Nxd4 Nf6 5. Nc3 e5 6. Ndb5 d6 7. Nd5 Nxd5 8. exd5 Ne7 9. c3 a6 10. Qa4 Nxd5 11. Nc7+ 1-0


[Site "https://www.chess.com"]

[Event "Titled Tuesday Blitz February 21 Early 2023"]
[White "Quirke, Jeffrey"]
[Black "Castillo Pena, Patricia Evarista"]
[WhiteFideId "2013029"]
[BlackFideId "6412106"]
[WhiteElo "2007"]
[BlackElo "1783"]
[Result "1-0"]
[Round "06"]
[TimeControl "180+2"]
[Date "2023.02.21"]
[WhiteClock "0:00:13"]
[BlackClock "0:00:01"]

1. e4 c5 2. c3 d5 3. exd5 Qxd5 4. Nf3 Nf6 5. d4 Bg4 6. Be2 cxd4 7. cxd4 Nc6 8. Nc3 Qa5 9. O-O e6 10. Be3 Be7 11. h3 Bh5 12. Qb3 Qb4 13. g4 Bg6 14. Ne5 Qxb3 15. axb3 Bc2 16. Nxc6 bxc6 17. Bc4 Nd5 18. Rfc1 Bg6 19. Bf1 O-O 20. Na4 Rfb8 21. Bc4 Be4 22. Nc3 Bf3 23. Ra6 Rb6 24. Rca1 Rxa6 25. Rxa6 c5 26. dxc5 Nxe3 27. fxe3 Bxc5 28. Kf2 Bh1 29. Na4 Be7 30. Nb6 Rd8 31. Rxa7 Rd2+ 32. Be2 h5 33. gxh5 Bc5 34. Ra8+ Kh7 35. Nc4 1-0


[Site "https://www.chess.com"]

[Event "Titled Tuesday Blitz February 21 Early 2023"]
[White "Eynullayev, Atilla"]
[Black "Bashirli, Saadat"]
[WhiteFideId "13413570"]
[BlackFideId "13429990"]
[WhiteElo "2281"]
[BlackElo "1571"]
[Result "1-0"]
[Round "06"]
[TimeControl "180+2"]
[Date "2023.02.21"]
[WhiteClock "0:00:06"]
[BlackClock "0:00:03"]

1. d4 d5 2. c4 e6 3. Nc3 c6 4. g3 dxc4 5. Bg2 Bb4 6. Nf3 b5 7. O-O Bb7 8. Ne5 Bxc3 9. bxc3 Ne7 10. a4 a6 11. Ba3 O-O 12. Qb1 Re8 13. Nxc4 Nd5 14. Nd6 Re7 15. Qd3 Rd7 16. e4 Ne7 17. e5 Nd5 18. Be4 h6 19. f4 Qa5 20. Rf3 f5 21. Nxf5 exf5 22. Bxf5 Rd8 23. Be6+ Kh8 24. Qg6 c5 25. Bf5 Kg8 26. Qh7+ Kf7 27. e6+ Ke7 28. Bxc5+ Rd6 29. Qxg7+ Kd8 30. e7+ Nxe7 31. Bxd6 Nxf5 32. Qf8+ Kd7 33. Qxf5+ Kxd6 34. Qc5+ Kd7 35. Re3 Nc6 36. Rae1 Rd8 37. Re7+ Kc8 38. Rg7 Qxa4 39. Ree7 Qd1+ 40. Kg2 Qd2+ 41. Kh3 Qf2 42. Rc7+ Kb8 43. Rxb7+ Ka8 44. Ra7+ Kb8 45. Rgb7+ Kc8 46. Qxc6# 1-0


[Site "https://www.chess.com"]

[Event "Titled Tuesday Blitz February 21 Early 2023"]
[White "Simonovic, Miroslav"]
[Black "Clawitter, Craig"]
[WhiteFideId "919152"]
[BlackFideId "2023105"]
[WhiteElo "2082"]
[BlackElo "2050"]
[Result "1-0"]
[Round "06"]
[TimeControl "180+2"]
[Date "2023.02.21"]
[WhiteClock "0:00:03"]
[BlackClock "0:00:01"]

1. d4 e6 2. h4 Nf6 3. Bg5 h6 4. Bxf6 Qxf6 5. e4 c5 6. Nf3 cxd4 7. Qxd4 Qxd4 8. Nxd4 a6 9. e5 Nc6 10. Nxc6 dxc6 11. Nd2 b6 12. Be2 Bb7 13. Bf3 O-O-O 14. O-O-O c5 15. Ne4 Bxe4 16. Rxd8+ Kxd8 17. Bxe4 Be7 18. h5 Bg5+ 19. Kb1 Bf4 20. Bb7 a5 21. Re1 Kc7 22. Ba6 Rd8 23. Bd3 Rd5 24. g3 Bxe5 25. b3 Bc3 26. Rh1 Re5 27. g4 Be1 28. f3 Bc3 29. a4 Re3 30. Rf1 Kd6 31. Kc1 Ke5 32. Kd1 f5 33. gxf5 exf5 34. Be2 Kf4 35. Rg1 Bf6 36. Kd2 Bc3+ 37. Kd1 Bd4 38. Rg2 Bf6 39. Kd2 Bg5 40. Ke1 Bh4+ 41. Kd2 Bg5 42. Rg1 Ke5 43. Ke1 Kd4 44. Kf2 Kc3 45. Bf1 Kxc2 46. Kg3 f4+ 47. Kg4 Kxb3 48. Bb5 Rc3 49. Rb1+ Ka3 50. Rd1 Kb4 51. Rd6 c4 52. Rxb6 Rc1 53. Rb7 Ka3 54. Rc7 c3 55. Bd3 Kb2 56. Rc5 c2 57. Bxc2 Rxc2 58. Rxa5 Ka3 59. Kf5 Ra2 60. Kg6 Kb4 61. Rf5 1-0


[Site "https://www.chess.com"]

[Event "Titled Tuesday Blitz February 21 Early 2023"]
[White "Sabar, Ethmane Daouda"]
[Black "Suduvasachmatai"]
[WhiteFideId "19600097"]
[WhiteElo "2040"]
[BlackElo "2100"]
[Result "1-0"]
[Round "06"]
[TimeControl "180+2"]
[Date "2023.02.21"]
[WhiteClock "0:01:40"]
[BlackClock "0:02:26"]

1. b3 e5 2. Bb2 Nc6 3. e3 Nf6 4. Bb5 d6 5. d4 exd4 6. Qxd4 Bd7 7. Bxc6 Bxc6 8. Nf3 Bxf3 9. gxf3 Be7 10. Rg1 O-O 11. Nd2 c5 12. Qh4 Ne8 13. Qh6 Bf6 14. Bxf6 Qxf6 15. Qxf6 Nxf6 16. O-O-O d5 17. e4 Rfe8 18. exd5 Nxd5 19. Ne4 Nf4 20. Nf6+ Kf8 21. Nxe8 Ne2+ 22. Kb2 Nxg1 23. Nc7 Nxf3 24. Nxa8 1-0


[Site "https://www.chess.com"]

[Event "Titled Tuesday Blitz February 21 Early 2023"]
[White "Larrea, Manuel"]
[Black "Filgueira, Hernan"]
[WhiteFideId "3000508"]
[BlackFideId "101770"]
[WhiteElo "2323"]
[BlackElo "2283"]
[Result "0-1"]
[Round "06"]
[TimeControl "180+2"]
[Date "2023.02.21"]
[WhiteClock "0:00:58"]
[BlackClock "0:00:21"]

1. e4 d6 2. d4 Nf6 3. Nc3 g6 4. f4 Bg7 5. Nf3 c5 6. d5 O-O 7. Bd3 e6 8. dxe6 fxe6 9. e5 Nh5 10. O-O d5 11. g3 Nc6 12. Nb5 c4 13. Be2 Qb6+ 14. Nbd4 Bh6 15. c3 Ng7 16. Kh1 Nf5 17. Nxf5 gxf5 18. b3 Rd8 19. Qc2 Bd7 20. Rb1 cxb3 21. axb3 d4 22. cxd4 Nxd4 23. Nxd4 Qxd4 24. Bb2 Bc6+ 25. Bf3 Bxf3+ 26. Rxf3 Qb6 27. Qg2 Rac8 28. g4 fxg4 29. Qxg4+ Kh8 30. Rg3 Rg8 31. Qh4 Qc6+ 32. Kg1 Rxg3+ 33. hxg3 Qe4 34. Qf6+ Bg7 0-1


[Site "https://www.chess.com"]

[Event "Titled Tuesday Blitz February 21 Early 2023"]
[White "Kujawski, Adam"]
[Black "Rosh Jain"]
[WhiteFideId "1100920"]
[BlackFideId "25789465"]
[WhiteElo "2173"]
[BlackElo "2248"]
[Result "1-0"]
[Round "06"]
[TimeControl "180+2"]
[Date "2023.02.21"]
[WhiteClock "0:00:03"]
[BlackClock "0:00:01"]

1. e4 c5 2. Nf3 d6 3. d4 cxd4 4. Nxd4 Nf6 5. Nc3 a6 6. Bg5 e6 7. f4 Be7 8. Qf3 Qc7 9. O-O-O Nbd7 10. Bd3 b5 11. Rhe1 Bb7 12. Qg3 b4 13. Nd5 exd5 14. exd5 Kd8 15. Nc6+ Bxc6 16. dxc6 Qxc6 17. Bxf6 Nxf6 18. Qxg7 Re8 19. Rxe7 Kxe7 20. Re1+ Kd8 21. Qxf6+ Kc7 22. Qxf7+ Qd7 23. Qxd7+ Kxd7 24. Rxe8 Rxe8 25. Bxh7 Re2 26. Bf5+ Ke7 27. Bh3 Rf2 28. f5 Kf6 29. b3 d5 30. Kd1 Rf1+ 31. Kd2 Ra1 32. g4 Rh1 33. Ke3 Rxh2 34. Bf1 Rxc2 35. Bxa6 Rxa2 36. Bd3 Ke5 37. g5 d4+ 38. Kf3 Rd2 39. Be4 Rb2 40. f6 Rxb3+ 41. Kg4 Kxe4 42. f7 Rf3 43. g6 d3 44. g7 d2 45. g8=Q d1=Q 46. Qe8+ Kd3 47. Qd7+ Kc3 48. Qxd1 Rxf7 49. Qc1+ Kb3 50. Qb1+ Ka3 51. Qa1+ Kb3 52. Qd1+ Ka3 53. Qa1+ Kb3 54. Kg5 Rf3 55. Qd1+ Ka2 56. Qxf3 b3 57. Qa8+ Kb1 58. Qe4+ Ka1 59. Qa4+ Kb1 60. Kf4 b2 61. Ke3 Kc1 62. Qc4+ Kb1 63. Kd3 Ka1 64. Qa6+ Kb1 65. Qa4 1-0


[Site "https://www.chess.com"]

[Event "Titled Tuesday Blitz February 21 Early 2023"]
[White "Broca Jimenez, Fernando"]
[Black "Rego, Pedro Filipe"]
[WhiteFideId "5104742"]
[BlackFideId "1904310"]
[WhiteElo "2075"]
[BlackElo "2312"]
[Result "0-1"]
[Round "06"]
[TimeControl "180+2"]
[Date "2023.02.21"]
[WhiteClock "0:00:07"]
[BlackClock "0:00:28"]

1. e4 c5 2. c3 Nf6 3. e5 Nd5 4. d4 cxd4 5. Nf3 d6 6. Qxd4 e6 7. Bb5+ Bd7 8. Bxd7+ Qxd7 9. O-O Nc6 10. Qa4 Nxe5 11. Qxd7+ Nxd7 12. c4 Nb4 13. Nc3 a6 14. b3 Be7 15. Bf4 O-O-O 16. a3 Nd3 17. Bd2 N7e5 18. Nd4 Nc5 19. b4 Ncd7 20. Rac1 Kb8 21. Be3 Nf6 22. Na4 Nfg4 23. Bf4 g5 24. Bg3 h5 25. f3 Ne3 26. Rfe1 N3xc4 27. Rc3 h4 28. Bf2 Bf6 29. Rec1 b5 30. Nb2 Nxb2 31. Rc7 Rc8 32. Nxb5 Rxc7 33. Nxc7 Nbd3 34. Nxa6+ Kb7 35. Rc7+ Kxa6 36. Ra7+ Kb5 37. a4+ Kxb4 0-1


[Site "https://www.chess.com"]

[Event "Titled Tuesday Blitz February 21 Early 2023"]
[White "Estevez Polanco, Leonardo Rafael"]
[Black "Sarkar, Justin"]
[WhiteFideId "6402798"]
[BlackFideId "2010011"]
[WhiteElo "2096"]
[BlackElo "2309"]
[Result "0-1"]
[Round "06"]
[TimeControl "180+2"]
[Date "2023.02.21"]
[WhiteClock "0:00:26"]
[BlackClock "0:00:04"]

1. e4 e5 2. Nf3 Nc6 3. Bb5 Nf6 4. O-O Nxe4 5. d4 Nd6 6. Bxc6 dxc6 7. dxe5 Ne4 8. Qxd8+ Kxd8 9. Be3 Bg4 10. Nbd2 Nxd2 11. Nxd2 h6 12. Ne4 Bf5 13. Rfd1+ Ke8 14. Nc5 Bxc5 15. Bxc5 Bxc2 16. Rd2 Bf5 17. Rad1 b6 18. Bb4 c5 19. Bc3 Be6 20. a4 a5 21. f4 Ke7 22. h3 h5 23. Kf2 Rhd8 24. Kf3 g6 25. g4 hxg4+ 26. hxg4 Bb3 27. Rxd8 Rxd8 28. Rxd8 Kxd8 29. f5 gxf5 30. gxf5 Bxa4 31. Kf4 Bb3 32. Kg5 Ke7 33. Be1 a4 34. Kh6 Bc2 35. Bh4+ Kd7 36. Kg5 b5 37. Kf6 b4 38. Be1 Kc6 39. e6 fxe6 40. fxe6 Bd1 41. e7 Bh5 42. Ke6 Be8 43. Ke5 Kb5 44. Kd5 c4 45. Kd4 c5+ 46. Ke4 c3 47. bxc3 a3 48. cxb4 cxb4 49. Bh4 b3 50. Kd3 b2 51. Kc2 Bg6+ 52. Kb3 b1=Q+ 53. Kc3 Qb2# 0-1


[Site "https://www.chess.com"]

[Event "Titled Tuesday Blitz February 21 Early 2023"]
[White "Ricaurte Lopez, Juan Carlos"]
[Black "parintele_chess"]
[WhiteFideId "3600327"]
[WhiteElo "2226"]
[BlackElo "2249"]
[Result "1-0"]
[Round "06"]
[TimeControl "180+2"]
[Date "2023.02.21"]
[WhiteClock "0:01:58"]
[BlackClock "0:01:25"]

1. e4 f5 2. exf5 Nf6 3. d4 d5 4. Bd3 e6 5. fxe6 Bxe6 6. Nf3 Nc6 7. O-O Qd7 8. Ng5 O-O-O 9. Nxe6 Qxe6 10. c3 Bd6 11. Nd2 h5 12. Qf3 Ng4 13. Bf5 Bxh2+ 14. Kh1 Rde8 15. Bxe6+ Rxe6 16. g3 Rf6 17. Qe2 Rhf8 18. Kg2 h4 19. Qxg4+ Kb8 20. Qxh4 Rh6 21. Qxh6 1-0


[Site "https://www.chess.com"]

[Event "Titled Tuesday Blitz February 21 Early 2023"]
[White "Nakamura, Hikaru"]
[Black "Makarian, Rudik"]
[WhiteFideId "2016192"]
[BlackFideId "44105681"]
[WhiteElo "2775"]
[BlackElo "2545"]
[Result "1-0"]
[Round "07"]
[TimeControl "180+2"]
[Date "2023.02.21"]
[WhiteClock "0:00:17"]
[BlackClock "0:00:05"]

1. Nf3 Nf6 2. g3 b5 3. Na3 c6 4. c4 bxc4 5. Nxc4 d5 6. Nce5 e6 7. Bg2 Bd6 8. d4 O-O 9. O-O Nfd7 10. Qc2 Nxe5 11. dxe5 Be7 12. h4 h6 13. Be3 Ba6 14. Rfc1 Nd7 15. Nd4 Nxe5 16. Bf4 Bf6 17. Bxe5 Bxe5 18. Nxc6 Qd6 19. Nxe5 Qxe5 20. e3 Rab8 21. Qa4 Bd3 22. b3 Rb7 23. Qd4 Qxd4 24. exd4 a5 25. Rc3 Bf5 26. Bf1 g5 27. hxg5 hxg5 28. Rc5 Ra8 29. Bb5 Rab8 30. a4 Kg7 31. Kf1 Bg4 32. Ke1 Rh8 33. Kd2 Rh6 34. Ke3 Rf6 35. f4 gxf4+ 36. gxf4 Rh6 37. Rg1 Rh3+ 38. Kd2 f5 39. Rc3 Rxc3 40. Kxc3 Rc7+ 41. Kb2 Kf6 42. b4 axb4 43. a5 Rb7 44. Bd3 Ra7 45. a6 Ke7 46. Kb3 Kd6 47. Kxb4 Kc6 48. Ka5 1-0


[Site "https://www.chess.com"]

[Event "Titled Tuesday Blitz February 21 Early 2023"]
[White "Andreikin, Dmitry"]
[Black "Vokhidov, Shamsiddin"]
[WhiteFideId "4158814"]
[BlackFideId "14204223"]
[WhiteElo "2729"]
[BlackElo "2586"]
[Result "1-0"]
[Round "07"]
[TimeControl "180+2"]
[Date "2023.02.21"]
[WhiteClock "0:00:11"]
[BlackClock "0:00:05"]

1. Nf3 Nf6 2. c4 c5 3. Nc3 Nc6 4. g3 g6 5. Bg2 d5 6. cxd5 Nxd5 7. Nxd5 Qxd5 8. O-O Bg7 9. d3 O-O 10. Be3 Bd7 11. Nd4 Qd6 12. Nxc6 Bxc6 13. Bxc6 Qxc6 14. Rc1 Qe6 15. Rxc5 Qxa2 16. Rb5 b6 17. Qa1 Qe6 18. Qa6 h5 19. h4 Rfc8 20. Ra1 Qg4 21. Re1 Rc2 22. Qb7 Qc8 23. Qxe7 Qc6 24. Rb3 Rxb2 25. Rc1 Rc2 26. Rbb1 Qa4 27. Rxc2 Qxc2 28. Rc1 Qxe2 29. Rc7 Rf8 30. Rxa7 b5 31. Qd7 Qf3 32. Bc5 Rb8 33. Bd6 Qa8 34. Rxa8 1-0


[Site "https://www.chess.com"]

[Event "Titled Tuesday Blitz February 21 Early 2023"]
[White "Dubov, Daniil"]
[Black "Ibarra Jerez, Jose Carlos"]
[WhiteFideId "24126055"]
[BlackFideId "2226332"]
[WhiteElo "2708"]
[BlackElo "2563"]
[Result "1/2-1/2"]
[Round "07"]
[TimeControl "180+2"]
[Date "2023.02.21"]
[WhiteClock "0:00:04"]
[BlackClock "0:00:11"]

1. d4 d6 2. Nf3 g6 3. e4 Nf6 4. Nc3 Bg7 5. Bc4 O-O 6. O-O Nc6 7. d5 Nb8 8. h3 e5 9. dxe6 Bxe6 10. Bxe6 fxe6 11. e5 dxe5 12. Nxe5 Qxd1 13. Rxd1 Nd5 14. Nxd5 exd5 15. Ng4 c6 16. Bh6 Nd7 17. Bxg7 Kxg7 18. c4 Nb6 19. cxd5 Nxd5 20. Rd2 Rae8 21. Rad1 h5 22. Nh2 Nf4 23. Rd7+ Rf7 24. Nf3 Ree7 25. Rxe7 Rxe7 26. g3 Nd5 27. Kf1 Kf6 28. h4 Re4 29. Ng5 Re7 30. Rd3 a5 31. a4 Kg7 32. Kg2 Re2 33. Rb3 b6 34. Kf3 Re1 35. Nh3 Ra1 36. Nf4 Nxf4 37. gxf4 Rxa4 38. Rxb6 Rc4 39. b3 Rb4 40. Rxc6 Rxb3+ 41. Ke4 Rb4+ 42. Ke5 Rb5+ 43. Ke4 Rb4+ 44. Ke5 Rb2 45. Rc7+ Kh6 46. f3 Rb5+ 47. Ke4 Rb6 48. Ra7 Re6+ 49. Kd4 Rf6 50. Ke4 Rf5 51. Rb7 Rc5 52. Ra7 Rb5 53. Kd4 Rb4+ 54. Ke5 a4 55. f5 Rb5+ 56. Ke4 gxf5+ 57. Kf4 Rb4+ 58. Kxf5 Rxh4 59. f4 Rh1 60. Rxa4 h4 61. Kf6 Rb1 62. f5 Kh5 63. Kg7 Rb7+ 64. Kf6 Rb6+ 65. Kg7 Kg5 66. f6 Rxf6 67. Rxh4 Rg6+ 68. Kh7 Kxh4 69. Kxg6 1/2-1/2


[Site "https://www.chess.com"]

[Event "Titled Tuesday Blitz February 21 Early 2023"]
[White "Lazavik, Denis"]
[Black "Movahed, Sina"]
[WhiteFideId "13515110"]
[BlackFideId "42520835"]
[WhiteElo "2544"]
[BlackElo "2340"]
[Result "1-0"]
[Round "07"]
[TimeControl "180+2"]
[Date "2023.02.21"]
[WhiteClock "0:01:56"]
[BlackClock "0:00:16"]

1. d4 Nf6 2. c4 g6 3. g3 Bg7 4. Bg2 O-O 5. Nc3 d6 6. Nf3 Nbd7 7. O-O e5 8. e4 exd4 9. Nxd4 Re8 10. h3 Nc5 11. Re1 h6 12. f3 a5 13. Be3 a4 14. Qd2 h5 15. Rad1 Ne6 16. Ndb5 Nd7 17. f4 Ra6 18. f5 Nec5 19. fxg6 fxg6 20. Nd5 c6 21. Bg5 Qa5 22. Qxa5 Rxa5 23. Nxd6 cxd5 24. Nxe8 Bxb2 25. Nd6 Nb6 26. Bd8 Ra6 27. Bxb6 Rxb6 28. Nxc8 Rb4 29. cxd5 Be5 30. d6 Nd7 31. Rb1 Rc4 32. Rxb7 Nc5 33. Rc7 Bxg3 34. Rd1 Rc2 35. Ne7+ Kf7 36. Nf5+ 1-0


[Site "https://www.chess.com"]